 Dungeon Crawl Stone Soup version 0.29.0-13-gc9e81de378 (webtiles) character file.

Game seed: 1966933834031206253

7 apoch the Shield-Bearer (level 1, 0/19 HPs)
             Began as a Minotaur Fighter on Sept 9, 2022.
             Succumbed to a kobold's poison
             ... on level 1 of the Dungeon.
             The game lasted 00:00:22 (320 turns).

apoch the Shield-Bearer (Minotaur Fighter)           Turns: 320, Time: 00:00:22

Health: 0/19       AC:  6    Str: 20    XL:     1   Next: 83%
Magic:  0/0        EV:  9    Int:  5    God:
Gold:   27         SH:  4    Dex:  9    Spells: 0/0 levels left

rFire   . . .      SeeInvis .   a - +0 war axe
rCold   . . .      Faith    .   c - +0 buckler
rNeg    . . .      Spirit   .   b - +0 scale mail
rPois   .          Reflect  .   (helmet restricted)
rElec   .          Harm     .   (no cloak)
rCorr   .          Rampage  .   (no gloves)
Will    .....                   (no boots)
Stlth   ..........              (no amulet)
HPRegen 0.06/turn               (no ring)
MPRegen 0.07/turn               (no ring)

@: lethally poisoned (0 -> -20)
A: horns 2, retaliatory headbutt
a: no special abilities


You were on level 1 of the Dungeon.
You visited 1 branch of the dungeon, and saw 1 of its levels.

You collected 27 gold pieces.

Inventory:

Hand Weapons
 a - a +0 war axe (weapon)
Armour
 b - a +0 scale mail (worn)
 c - a +0 buckler (worn)
Potions
 d - a potion of might


   Skills:
 - Level 3.6 Fighting
 + Level 3.2 Axes
 - Level 3.6 Armour
 - Level 3.6 Shields


You couldn't memorise any spells.
You didn't know any spells.
Your spell library was empty.

Dungeon Overview and Level Annotations

Branches:
Dungeon (1/15)

Altars:


Innate Abilities, Weirdness & Mutations

You have a pair of horns on your head.
You reflexively headbutt those who attack you in melee.


Message History

A bat comes into view.
A bat is nearby!
You throw a stone. The stone barely misses the bat.
You hit the bat.
You kill the bat!
Your Axes skill increases to level 3!
You see here a +0 helmet.
A kobold comes into view. It is wielding a +1 dagger of venom.
The kobold throws a stone.
The stone hits you but does no damage.
You throw a stone.
The stone hits the kobold but does no damage.
You throw a stone. The stone hits the kobold.
The kobold is moderately wounded.
You barely miss the kobold.
The kobold is moderately wounded.
The kobold hits you but does no damage.
You are poisoned.
You hit the kobold but do no damage. Your headbutt misses the kobold.
The kobold is moderately wounded.
You feel very sick.
The kobold hits you with a +1 dagger of venom.
You are lethally poisoned!
The kobold hits you with a +1 dagger of venom.
You are more poisoned.
You closely miss the kobold.
The kobold is moderately wounded.
* * * LOW HITPOINT WARNING * * *
You feel extremely sick. The kobold closely misses you.
You furiously retaliate!
You headbutt the kobold.
You kill the kobold!
You are too injured to fight recklessly!
You are too injured to fight recklessly!
There is a lethal amount of poison in your body!
Okay, then.
Okay, then.
The air fills with toxic fumes!
As you read the scroll labelled FASENG GIPTOF, it crumbles to dust.
It was a scroll of poison.
You die...

#### ### #§§# #.#
#§§########## #.#
#§§§§.......###.#
##§§§...[........#
#§§§ ............##
##§#########.#.....
#§@§§§§§§§.[.......
############.#.####
#.#.# #####.#.####
............
#####..#.####
.............
.####...####.
#...##...


There were no monsters in sight!

Vanquished Creatures
  A bat (D:1)
  An endoplasm (D:1)
  A goblin (D:1)
  A kobold (D:1)
  A frilled lizard (D:1)
  A rat (D:1)
6 creatures vanquished.

Notes
Turn   | Place    | Note
-------+----------+-------------------------------------------
     0 | D:1      | apoch the Minotaur Fighter began the quest for the Orb.
     0 | D:1      | Reached XP level 1. HP: 19/19 MP: 0/0
   320 | D:1      | Succumbed to a kobold's poison

Illustrated notes

Levels and vault maps discovered:
D:1:      heliophobic_arrival_dark_side_of_the_moon, layout_basic,
          basic_ecumenical_altar

Skill      XL: |  1 |
---------------+----+-----
Axes           | 3 |  3.2
Fighting       | |  3.6
Armour         | |  3.6
Shields        | |  3.6

Action                   || total
-------------------------++-------
Melee: War axe           ||    13
       Headbutt          ||     1
Throw: Stone             ||     7
  Use: Scroll            ||     1
Armor: Scale mail        ||     3
Dodge: Dodged            ||     3
Block: Buckler           ||     1
